 Dungeon Crawl Stone Soup version 0.30-a0-800-g7c544603b3 (webtiles) character file.

Game seed: 16114805183474520436

21 jlumianski the Trooper (level 2, 0/24 HPs)
             Began as a Demonspawn Fighter on Feb 21, 2023.
             Slain by a gnoll
             ... wielding a +0 spear
              (2 damage)
             ... on level 1 of the Dungeon.
             The game lasted 00:02:18 (359 turns).

jlumianski the Trooper (Demonspawn Fighter)          Turns: 359, Time: 00:02:19

Health: 0/24       AC:  6    Str: 16    XL:     2   Next: 62%
Magic:  2/2        EV:  8    Int:  9    God:
Gold:   11         SH:  4    Dex: 12    Spells: 1/1 levels left

rFire   . . .      SeeInvis .    a - +0 war axe
rCold   . . .      Faith    .    c - +0 buckler
rNeg    . . .      Spirit   .    b - +0 scale mail
rPois   .          Reflect  .    (no helmet)
rElec   .          Harm     .    (no cloak)
rCorr   .          Rampage  .    (no gloves)
Will    .....                    (no boots) Stlth
                                 (no amulet)
HPRegen 0.24/turn                (no ring)
MPRegen 0.08/turn                (no ring)

@: no status effects
A: ignite blood 1
a: no special abilities


You were on level 1 of the Dungeon.
You visited 1 branch of the dungeon, and saw 3 of its levels.

You collected 11 gold pieces.

Inventory:

Hand Weapons
 a - a +0 war axe (weapon)
Missiles
 e - 49 stones (quivered)
 f - 9 atropa-tipped darts
Armour
 b - a +0 scale mail (worn)
 c - a +0 buckler (worn)
 g - a +0 pair of gloves
Potions
 d - a potion of might
 h - 2 potions of haste {unknown}


   Skills:
 + Level 3.3 Fighting
 + Level 1.9 Axes
 + Level 3.0 Armour
 + Level 0.1 Dodging
 + Level 2.9 Shields


You had one spell level left.
You didn't know any spells.
Your spell library was empty.

Dungeon Overview and Level Annotations

Branches:
Dungeon (3/15)

Altars:


Innate Abilities, Weirdness & Mutations

Your demonic aura sometimes causes spilled blood to erupt in flames.


Message History

Found 5 stones.
You see here 2 gold pieces.
Found 7 stones.
A gnoll comes into view. It is wielding a +0 spear.
The gnoll shouts!
The goblin hits you but does no damage. You block the gnoll's attack.
The goblin hits you but does no damage.
You closely miss the goblin.
The gnoll hits you from afar with a +0 spear.
The goblin hits you but does no damage.
You hit the goblin but do no damage. The gnoll closely misses you.
You block the goblin's attack. The goblin barely misses you.
The gnoll hits you from afar with a +0 spear.
You closely miss the goblin. You block the gnoll's attack.
The goblin closely misses you.
You miss the goblin. You block the gnoll's attack.
The goblin hits you but does no damage.
You closely miss the goblin.
The gnoll hits you from afar with a +0 spear.
The goblin barely misses you. The goblin hits you but does no damage.
You block the gnoll's attack.
You hit the goblin but do no damage. The gnoll hits you but does no damage.
The goblin hits you but does no damage.
You closely miss the goblin.
The gnoll hits you from afar with a +0 spear!
The goblin barely misses you. The goblin hits you but does no damage.
You block the gnoll's attack.
You closely miss the goblin. The gnoll barely misses you.
The goblin hits you but does no damage.
You slash the goblin!
You kill the goblin!
The gnoll hits you from afar with a +0 spear.
The gnoll barely misses you. The gnoll barely misses you.
Things that are here:
a +0 dagger; a goblin corpse The gnoll hits you with a +0 spear!
* * * LOW HITPOINT WARNING * * *
You closely miss the gnoll. The gnoll hits you with a +0 spear.
You die...

...# #.....# ...#
#...### ...#######.....#
...............#
...#######.....# .....##
#..$..#
...#..####.....######.#
...##...#####..).((...#
#######....##...@.....#
####..##..g....##
###########.#####....##
.............)....##...#
###########.......##.#.#
#####...# ...# ..# #..
.# ...# #..# ..
....##.## #..


You could see a gnoll.

Vanquished Creatures
  An adder (D:2)
  An endoplasm (D:2)
  A giant cockroach (D:1)
  2 goblins (D:1)
  A hobgoblin (D:1)
  2 ball pythons
  2 bats (D:1)
  A frilled lizard (D:2)
  A kobold (D:2)
12 creatures vanquished.

Notes
Turn   | Place    | Note
-------+----------+-------------------------------------------
     0 | D:1      | jlumianski the Demonspawn Fighter began the quest for the
                  | Orb.
     0 | D:1      | Reached XP level 1. HP: 18/18 MP: 1/1
   199 | D:2      | Gained mutation: Your demonic aura sometimes causes spilled
                  | blood to erupt in flames. [demonic ancestry]
   199 | D:2      | Reached XP level 2. HP: 19/24 MP: 2/2
   359 | D:1      | Slain by a gnoll

Illustrated notes

Levels and vault maps discovered:
D:1:      minmay_arrival_shattered_statue, layout_rooms,
          shapermc_ecumenical_altar_mp_highgroup
D:2:      layout_basic, basic_altar
D:3:      layout_loops_ring

Skill      XL: |  1 |
---------------+----+-----
Armour         | 3 |  3.0
Fighting       | |  3.3
Axes           | |  1.9
Dodging        | |  0.1
Shields        | |  2.9

Action                     || total
---------------------------++-------
  Melee: War axe           ||    47
 Armour: Scale mail        ||    37
  Dodge: Dodged            ||    28
  Block: Buckler           ||    22

Table legend: (Time is in decaauts)
 A = Elapsed time spent in this place.
 B = Non-inter-level travel time spent in this place.
 C = Inter-level travel time spent in this place.
 D = Time resting spent in this place.
 E = Time spent auto-exploring this place.
 F = Levels seen in this place.
 G = Mean time per level.
                   A        B        C        D        E       F      G
               +--------+--------+--------+--------+--------+-----+--------+
         Total |    380 |    380 |      0 |      0 |    148 |   3 |  126.7 |
       Dungeon |    380 |    380 |      0 |      0 |    148 |   3 |  126.7 |
               +--------+--------+--------+--------+--------+-----+--------+

Top non-repeatable levels by time:
     D:1: 309 daAuts
     D:2: 67 daAuts
     D:3: 4 daAuts
